 Dungeon Crawl Stone Soup version 0.17-a0-1479-g4041c36 (webtiles) character file.

42 Duffy the Sneak (level 3, 0/16 HPs)
             Began as a Vine Stalker Enchanter on July 3, 2015.
             Slain by an adder (3 damage)
             ... on level 2 of the Dungeon.
             The game lasted 00:02:03 (858 turns).

Duffy the Sneak (Vine Stalker Enchanter)             Turns: 858, Time: 00:02:04

Health: 0/16       AC:  4    Str: 10    XL:     3   Next: 56%
Magic:  0/7        EV: 12    Int: 15    God:
Gold:   27         SH:  0    Dex: 15    Spells: 3 memorised, 1 level left

rFire  . . .     SeeInvis .     a - +1 dagger
rCold  . . .     Clarity  .     b - +1 robe
rNeg   . . .     SustAt   .     (no shield)
rPois  .         Gourm    .     g - +0 helmet
rElec  .         Spirit   +     (no cloak)
rCorr  .         Warding  .     (no gloves)
rMut   .         Stasis   .     (no boots)
MR     .....                    (no amulet)
Stlth  +++.......               (no ring)
                                (no ring)

@: lethally poisoned (0 -> -3), not resistant to hostile enchantments, fairly
stealthy
A: fangs 2, regeneration 1, magic shield, antimagic bite, no device heal 3, rot
immunity
a: no special abilities


You were on level 2 of the Dungeon.
You were not hungry.

You visited 1 branch of the dungeon, and saw 2 of its levels.

You collected 27 gold pieces.


Innate Abilities, Weirdness & Mutations

You have extremely sharp teeth.
Your natural rate of healing is unusually fast.
When hurt, damage is shared between your health and your magic reserves.
Your bite disrupts and absorbs the magic of your enemies.
Potions and wands cannot restore your health.
You are immune to rotting.


   Skills:
 + Level 1.6 Short Blades
 - Level 1.5 Dodging
 + Level 3.8 Stealth
 - Level 2.5 Spellcasting
 * Level 3.8 Hexes


You had one spell level left.
You knew the following spells:

 Your Spells              Type           Power        Failure   Level  Hunger
a - Ensorcelled Hibernat  Hex/Ice        #.....       14%         2    ###....
c - Confuse               Hex            ##......     17%         3    ###....
r - Corona                Hex            ##.....      6%          1    #......

Inventory:

Hand weapons
 a - a +1 dagger (weapon)
Missiles
 i - 21 poisoned needles
Armour
 b - a +1 robe (worn)
 g - a +0 helmet (worn)
 n - a +0 pair of boots
Scrolls
 e - 2 scrolls of identify {unknown}
 f - a scroll of fear {unknown}
 h - a scroll of remove curse {unknown}
 j - a scroll of teleportation {unknown}
Potions
 k - a potion of cancellation {unknown}
 l - 3 potions of curing {unknown}
 m - a potion of degeneration {unknown}
Books
 c - a book of Maledictions
Comestibles
 d - 2 bread rations

Dungeon Overview and Level Annotations

Branches:
Dungeon (2/15)

Altars:


Message History

You feel sick.
You are no longer poisoned.
The adder bites you but does no damage.
You miss the adder. Your bite misses the adder.
The adder is heavily wounded.
The adder bites you.
You hit the adder.
The adder is severely wounded.
The adder barely misses you.
Your magical contamination has completely faded away.
You hit the adder.
The adder is severely wounded.
The adder bites you.
You are poisoned.
The adder poisons you!
You hit the adder.
The adder is almost dead.
You feel sick. The adder barely misses you.
Casting: Ensorcelled Hibernation
Confirm with . or Enter, or press ? or * to list all spells.
You don't have enough magic to cast that spell.
You hit the adder.
You kill the adder!
You hit the adder. You bite the adder, but do no damage.
The adder is moderately wounded.
You feel sick. The adder bites you.
You hit the adder. Your bite misses the adder.
The adder is moderately wounded.
The adder bites you.
You are lethally poisoned!
The adder poisons you! The adder bites you but does no damage.
You hit the adder.
The adder is heavily wounded.
The adder bites you.
You die...

#....#.........# ..
..##+#.........# ###..
........##.....# #....
........+......# #....
........#......# ###### #....
........#......# #....# #....
........#......# #.##+#######..S.
........#......###......)...#....
.<......+.......@Sg.........#....
........#.########..........#....
........#. #††...#.........#
....#####. ####'#####.........#
......# #..................#
......# #.......###........#
<.....# #.....[.# ##########
......########.......#
.....................#


You could see an adder and a hobgoblin.

Action                   || total
-------------------------++-------
Melee: Dagger            ||    70
 Cast: Corona            ||     8
       Ensorcelled Hiber ||     3
 Stab: Sleeping          ||     5

Notes
Turn   | Place    | Note
--------------------------------------------------------------
     0 | D:1      | Duffy the Vine Stalker Enchanter began the quest for the Orb.
     0 | D:1      | Reached XP level 1. HP: 9/9 MP: 4/4
    48 | D:1      | Reached skill level 1 in Short Blades
   219 | D:1      | Reached XP level 2. HP: 13/13 MP: 4/6
   497 | D:1      | Learned a level 2 spell: Ensorcelled Hibernation
   650 | D:2      | Reached XP level 3. HP: 16/16 MP: 7/7
   655 | D:2      | Learned a level 3 spell: Confuse
   858 | D:2      | Slain by an adder

Vault maps used:
D:1:      tarquinn_simple_flora_water_f
D:2:      nicolae_ru_great_annihilating_truth

Vanquished Creatures
  2 adders
  A worm
  A giant gecko
  A ball python
  3 bats
  A goblin
  3 hobgoblins
  2 kobolds
  7 rats
21 creatures vanquished.
